 Dungeon Crawl Stone Soup version 0.27.0-1-g7a089689b8 (webtiles) character file.

Game seed: 13793515158335548690

8044 avis the Reanimator (level 11, -7/97 HPs)
             Began as a Deep Dwarf Necromancer on Aug 11, 2021.
             Was a Priest of Makhleb.
             Mangled by a hornet (9 damage)
             ... on level 9 of the Dungeon on Aug 12, 2021.
             The game lasted 01:39:41 (11858 turns).

avis the Reanimator (Deep Dwarf Necromancer)       Turns: 11858, Time: 01:39:44

Health: -7/97      AC:  6    Str: 14    XL:     11   Next: 4%
Magic:  3/18       EV: 13    Int: 17    God:    Makhleb [***...]
Gold:   470        SH:  0    Dex: 19    Spells: 7/20 levels left

rFire    . . .     SeeInvis .   a - +0 scimitar (flame)
rCold    . . .     Faith    .   (no shield)
rNeg     . . .     Spirit   .   y - +0 ring mail
rPois    .         Reflect  .   (no helmet)
rElec    .         Harm     .   (no cloak)
rCorr    .         Rampage  .   (no gloves)
Will     ++...                  (no boots)
Stlth    ++........             v - amulet of magic regeneration
HPRegen  0.00/turn              l - ring of willpower
MPRegen  0.41/turn              I - +6 ring of dexterity

@: slowed, studying Evocations, very slow
A: damage resistance, heal wounds, sense surroundings 2, no regeneration
a: Heal Wounds, Renounce Religion, Minor Destruction, Lesser Servant of Makhleb


You were on level 9 of the Dungeon.
You worshipped Makhleb.
Makhleb was most pleased with you.
You visited 2 branches of the dungeon, and saw 10 of its levels.
You also visited: Sewer and Ossuary.

You collected 530 gold pieces.
You spent 60 gold pieces at shops.

Inventory:

Hand Weapons
 a - a +0 scimitar of flaming (weapon)
 b - a +2 falchion of holy wrath
Missiles
 e - 91 poisoned darts (quivered)
 f - 3 throwing nets
 j - 7 atropa-tipped darts
 n - 5 boomerangs
 q - 4 curare-tipped darts
 s - 18 arrows
Armour
 y - a +0 ring mail (worn)
Jewellery
 l - a ring of willpower (left hand)
 v - an amulet of magic regeneration (around neck)
 A - the ring of Pimiute {rElec AC+4 Int-4 Stlth+}
   (You found it on level 7 of the Dungeon)

   [ring of protection]

   AC:        It affects your AC (+4).
   Int:       It affects your intelligence (-4).
   rElec:     It insulates you from electricity.
   Stlth:     It makes you more stealthy.
 G - a ring of see invisible
 I - a +6 ring of dexterity (right hand)
Wands
 J - a wand of iceblast (14)
 M - a wand of mindburst (18)
 O - a wand of acid (6)
 P - a wand of charming (6)
 Q - a wand of polymorph (7)
Scrolls
 t - a scroll of fear
 u - a scroll of summoning
 x - 2 scrolls of blinking
 L - 5 scrolls of teleportation
Potions
 c - 3 potions of curing
 d - 2 potions of flight
 k - 7 potions of heal wounds
 m - a potion of ambrosia
 o - a potion of magic
 p - a potion of lignification {unknown}
 r - a potion of berserk rage
 z - 3 potions of might
 D - 2 potions of haste
 F - a potion of experience {unknown}
 H - 2 potions of cancellation {unknown}
 K - 2 potions of brilliance
 N - a potion of attraction {unknown}


   Skills:
 - Level 6.0 Fighting
 * Level 2.1 Long Blades
 - Level 5.0 Armour
 - Level 5.0 Dodging
 - Level 5.0 Stealth
 - Level 5.0 Spellcasting
 + Level 12.5 Necromancy
 - Level 5.0 Invocations
 - Level 7.0 Evocations


You had 7 spell levels left.
You knew the following spells:

 Your Spells              Type           Power      Damage    Failure   Level
a - Pain                  Necr           100%       1d9       1%          1
d - Vampiric Draining     Necr           23%        2d9       1%          3
n - Animate Dead          Necr           23%        N/A       1%          4
A - Agony                 Necr           46%        N/A       4%          5

Your spell library contained the following spells:

 Spells                   Type           Power      Damage    Failure   Level
 Animate Skeleton         Necr           92%        N/A       1%          1
 Summon Small Mammal      Summ           16%        N/A       26%         1
 Borgnjor's Vile Clutch   Necr/Erth      12%        N/A       50%         5
 Call Canine Familiar     Summ           4%         N/A       63%         3
 Ignite Poison            Fire/Tmut/Pois 4%         N/A       63%         3
 Mephitic Cloud           Conj/Pois/Air  4%         N/A       63%         3
 Stone Arrow              Conj/Erth      8%         3d7       63%         3
 Summon Guardian Golem    Hex/Summ       4%         N/A       63%         3
 Animate Armour           Summ/Erth      8%         N/A       95%         4
 Alistair's Intoxication  Tmut/Pois      2%         N/A       100%        5
 Bolt of Magma            Conj/Fire/Erth 2%         4d4       100%        5
 Eringya's Noxious Bog    Tmut/Pois      2%         N/A       100%        6
 Lehudib's Crystal Spear  Conj/Erth      2%         10d2      100%        8


Dungeon Overview and Level Annotations

Branches:
Dungeon (9/15)             Temple (1/1) D:4           Sewer (visited)
Ossuary (visited)
   Lair: D:8-11         Orc: D:9-12

Altars:
Ashenzari
Cheibriados
Dithmenos
Elyvilon
Fedhas
Gozag
Hepliaklqana
Kikubaaqudgha
Makhleb
Nemelex Xobeh
Okawaru
Qazlal
Ru
Sif Muna
Trog
Uskayaw
Vehumet
Wu Jian
Xom
Yredelemnul
Zin
The Shining One

Shops:
D:1 !   D:2 *   D:6 (   D:7 :   D:8 :

Annotations:
D:6 1 runed translucent door, Mrcawl's ghost, novice FoHu
D:7 3 runed translucent doors, JackMcBride's ghost, novice MiFi


Innate Abilities, Weirdness & Mutations

You are resistant to damage.
You can heal yourself by infusing magical energy.
You passively map the area around you.
You do not regenerate.


Message History

Casting: Vampiric Draining (safe; 1% risk of failure)
Confirm with . or Enter, or press ? or * to list all spells.
Aiming: Vampiric Draining (safe; 1% risk of failure)
Press: ? - help, Shift-Dir - straight line, f - hornet
Aim: a hornet You draw life force from the hornet.
You feel life coursing into your body. The hornet stings you.
You feel yourself slow down.
Casting: Vampiric Draining (safe; 1% risk of failure)
Confirm with . or Enter, or press ? or * to list all spells.
Aiming: Vampiric Draining (safe; 1% risk of failure)
Press: ? - help, Shift-Dir - straight line, f/p - hornet
Aim: a hornet (lightly wounded)
You draw life force from the hornet!
You feel life coursing into your body.
The hornet stings you but does no damage.
The hornet closely misses you. The hornet stings you!
* * * LOW HITPOINT WARNING * * *
You feel as though you will be slow longer.
Casting: Vampiric Draining (safe; 1% risk of failure)
Confirm with . or Enter, or press ? or * to list all spells.
Aiming: Vampiric Draining (safe; 1% risk of failure)
Press: ? - help, Shift-Dir - straight line, f/p - hornet
Aim: a hornet (heavily wounded)
You draw life force from the hornet!
You feel life coursing into your body. The hornet barely misses you.
The hornet stings you!
* * * LOW HITPOINT WARNING * * *
You feel as though you will be slow longer.
Casting: Vampiric Draining (safe; 1% risk of failure)
Confirm with . or Enter, or press ? or * to list all spells.
Aiming: Vampiric Draining (safe; 1% risk of failure)
Press: ? - help, Shift-Dir - straight line, f/p - hornet
Aim: a hornet (severely wounded)
You draw life force from the hornet.
You feel life coursing into your body. The hornet misses you. x2
You barely miss the hornet.
The hornet is severely wounded.
The hornet stings you!
* * * LOW HITPOINT WARNING * * *
You feel as though you will be slow longer.
The hornet stings you!
You die...

, , , , ,, ,
* ,, * * , *
*,, * , *, ,
* * ** ,, ,,
, , , , , , *
* * * ,
########### ,
, #.........#
, , ,,
#@#######.#
*,
#y#<....#.# ,
> ≈,,
#.#.....#.# *
* #.#.#####.#
, *#.#†# #.#
, * #.#.# #.#
* #.#.#####.#
,
..#.......#**
* * * , ,,
######### , ,


You could see a hornet.

Vanquished Creatures
  A hydra (D:8)
  Harold (D:7)
  2 two-headed ogres (D:7)
  An efreet (D:8)
  2 trolls
  Grinder (D:6)
  5 yaks (D:9)
  Eustachio (D:6)
  Menkaure (D:5)
  A water moccasin (D:7)
  Duvessa (D:7)
  3 orc warriors (D:7)
  4 sky beasts
  3 ogres
  3 centaurs
  A phantom (D:5)
  5 kobold brigands
  3 elf zombies (Ossuary)
  Blork the orc (D:6)
  3 bullfrogs
  A scorpion (D:5)
  Dowan (D:7)
  A water moccasin skeleton (D:6)
  2 howler monkeys (D:7)
  2 lava snakes (D:8)
  2 bullfrog zombies (D:5)
  A hound (D:5)
  2 centaur zombies (Ossuary)
  A jelly (D:6)
  A human zombie (Ossuary)
  A centaur skeleton (D:6)
  A gnoll shaman (D:6)
  A bullfrog skeleton (D:5)
  3 iguanas
  Terence (D:2)
  6 orc wizards
  A killer bee zombie (D:6)
  2 hound zombies (Ossuary)
  A hound skeleton (D:5)
  3 mummies (Ossuary)
  A howler monkey skeleton (D:5)
  8 adders
  4 gnolls (D:6)
  6 river rats
  A shadow imp (D:7)
  2 white imps
  4 adder zombies (Ossuary)
  2 worms
  4 dart slugs
  13 orcs
  8 ball pythons
  7 endoplasms
  2 giant cockroaches
  A gnoll zombie (Ossuary)
  8 goblins
  6 hobgoblins
  6 jackals (D:1)
  5 quokkas
  4 bats
  3 frilled lizards
  4 goblin zombies (Ossuary)
  4 hobgoblin zombies (Ossuary)
  2 jackal zombies (Ossuary)
  23 kobolds
  2 kobold zombies (Ossuary)
  4 orc zombies (Ossuary)
  3 quokka zombies (Ossuary)
  29 rats
  3 rat zombies (Ossuary)
246 creatures vanquished.

Vanquished Creatures (others)
  An orc wizard (D:7)
  A plant (D:6)
2 creatures vanquished.

Grand Total: 248 creatures vanquished

Notes
Turn   | Place    | Note
-------+----------+-------------------------------------------
     0 | D:1      | avis the Deep Dwarf Necromancer began the quest for the
                  | Orb.
     0 | D:1      | Reached XP level 1. HP: 15/15 MP: 3/3
   232 | D:1      | Reached XP level 2. HP: 22/22 MP: 0/5
   626 | D:1      | Found Pumatrirr's Distillery.
  1002 | D:1      | Reached XP level 3. HP: 28/28 MP: 5/7
  1012 | D:1      | Learned a level 3 spell: Vampiric Draining
  1154 | D:2      | Noticed Terence
  1166 | D:2      | Killed Terence
  1167 | D:2      | Reached skill level 5 in Necromancy
  1522 | D:2      | Reached XP level 4. HP: 34/36 MP: 4/8
  1630 | D:2      | Found Nelainey's General Store.
  1639 | D:2      | Bought a scroll of identify for 24 gold pieces
  1669 | D:1      | Bought a potion of curing for 36 gold pieces
  1784 | D:2      | Found a faded altar of an unknown god.
  3413 | D:4      | Noticed a bullfrog
  3420 | D:4      | Killed a bullfrog
  3421 | D:4      | Reached skill level 1 in Fighting
  3421 | D:4      | Reached XP level 5. HP: 37/44 MP: 4/10
  3669 | D:4      | Found a basalt altar of Yredelemnul.
  3782 | D:4      | Reached skill level 6 in Necromancy
  3792 | D:4      | Reached XP level 6. HP: 51/51 MP: 7/12
  3837 | D:4      | Found a glowing drain.
  3841 | Sewer    | Entered a sewer
  4292 | Sewer    | Learned a level 4 spell: Animate Dead
  4298 | Sewer    | Learned a level 5 spell: Agony
  4505 | Sewer    | HP: 2/52 [poisoned by a kobold]
  4506 | Sewer    | Reached skill level 7 in Necromancy
  4792 | Sewer    | Reached XP level 7. HP: 26/60 MP: 9/13
  4927 | Sewer    | Reached skill level 8 in Necromancy
  5216 | D:4      | Found a staircase to the Ecumenical Temple.
  5584 | Temple   | Entered the Ecumenical Temple
  5657 | Temple   | Became a worshipper of Makhleb the Destroyer
  5831 | D:5      | Entered Level 5 of the Dungeon
  5892 | D:5      | Found a sand-covered staircase.
  5899 | Ossuary  | Entered an ossuary
  6171 | Ossuary  | Reached skill level 9 in Necromancy
  6279 | Ossuary  | Reached XP level 8. HP: 42/67 MP: 14/14
  6281 | Ossuary  | Reached * piety under Makhleb
  6453 | Ossuary  | Reached skill level 10 in Necromancy
  7165 | D:5      | Noticed a troll
  7165 | D:5      | Noticed Menkaure
  7206 | D:4      | Killed a troll
  7207 | D:4      | Reached skill level 5 in Fighting
  7231 | D:5      | Killed Menkaure
  7232 | D:5      | Reached skill level 5 in Stealth
  7448 | D:6      | Noticed Blork the orc
  7457 | D:6      | Killed Blork the orc
  7458 | D:6      | Gained mutation: You passively map the area around you.
                  | [Deep Dwarf growth]
  7458 | D:6      | Reached XP level 9. HP: 60/81 MP: 9/15
  7487 | D:6      | Noticed Grinder
  7510 | D:6      | Killed Grinder
  7511 | D:6      | Reached skill level 5 in Dodging
  7511 | D:6      | Reached skill level 1 in Armour
  7517 | D:6      | Found Qiutiucs's Hydra Hut.
  7525 | D:6      | Noticed an eight-headed hydra
  7657 | D:6      | Noticed Eustachio
  7675 | D:6      | Killed Eustachio
  7746 | D:6      | Reached ** piety under Makhleb
  7925 | D:6      | Reached skill level 5 in Armour
  7925 | D:6      | Reached skill level 1 in Evocations
  8119 | D:6      | Found a runed translucent door.
  8121 | D:6      | Noticed Mrcawl's ghost (novice FoHu)
  8465 | D:7      | Noticed Duvessa
  8465 | D:7      | Noticed Dowan
  8465 | D:7      | Noticed a troll
  8623 | D:7      | Noticed Harold
  8643 | D:7      | Killed Harold
  8644 | D:7      | Reached skill level 5 in Evocations
  8706 | D:7      | Reached skill level 5 in Invocations
  8824 | D:7      | Reached XP level 10. HP: 82/88 MP: 16/16
  8934 | D:7      | Noticed JackMcBride's ghost (novice MiFi)
  8973 | D:7      | Reached skill level 5 in Spellcasting
  9037 | D:7      | Identified the ring of Pimiute {rElec AC+4 Int-4 Stlth+}
  9071 | D:7      | Killed Duvessa
  9083 | D:7      | Killed Dowan
  9343 | D:7      | Found a runed translucent gate.
  9343 | D:7      | Found a runed translucent gate.
  9343 | D:7      | Found a runed translucent gate.
  9374 | D:7      | Found Oguuwk's Book Boutique.
 10056 | D:8      | Noticed a six-headed hydra
 10061 | D:8      | Noticed a two-headed ogre
 10081 | D:7      | Killed a two-headed ogre
 10082 | D:7      | Reached skill level 11 in Necromancy
 10148 | D:8      | Killed a six-headed hydra
 10148 | D:8      | Reached *** piety under Makhleb
 10240 | D:8      | Noticed a two-headed ogre
 10257 | D:7      | Killed a two-headed ogre
 10258 | D:7      | Reached skill level 12 in Necromancy
 10818 | D:8      | Found Geiv's Book Shop.
 11812 | D:9      | Reached skill level 1 in Long Blades
 11819 | D:9      | Reached XP level 11. HP: 25/97 MP: 2/18
 11858 | D:9      | HP: 2/97 [hornet (12)]
 11858 | D:9      | Mangled by a hornet

Illustrated notes

Levels and vault maps discovered:
D:1:      dpeg_arrival_round_b, layout_rooms, serial_shops, shop,
          minmay_surrounded
D:2:      layout_loops_ring, serial_shops, nicolae_shop_stone,
          shapermc_ecumenical_altar_totnotflames, uniq_terence
D:3:      layout_loops_cross, kennysheep_boxes
D:4:      layout_basic, mainiacjoe_overflow_alcove_1,
          minmay_temple_entry_purple_smoke, gup_sewer_entry_spiral,
          amcnicky_mini_pool_small, roderic_malta_cross
D:5:      kennysheep_six_static_rooms, layout_cave_pools, enter_ossuary_1,
          uniq_menkaure
D:6:      layout_rooms, ebering_ghost_inner_flame, doesnt_shop_hydraphobe,
          uniq_grinder, uniq_blork_the_orc, uniq_eustachio
D:7:      layout_basic, serial_shops, shop, gammafunk_ghost_split, uniq_harold,
          uniq_duvessa
D:8:      cheibrodos_elevator_heist, layout_layer_cave, serial_shops,
          kennysheep_little_box, kennysheep_cluttered_room
D:9:      layout_basic, enter_bailey_5, minivault_15, due_unseen_surprise
Temple:   minmay_crystal_snake_temple

Skill      XL: |  1  2  3  4  5  6  7  8  9 10 11 |
---------------+----------------------------------+-----
Spellcasting   | 2 3 4 5 |  5.0
Necromancy     | 5 6 7 9 10 12 | 12.5
Fighting       | 1 2 5 6 |  6.0
Stealth        | 5 |  5.0
Dodging        | 3 5 |  5.0
Armour         | 5 |  5.0
Evocations     | 5 7 |  7.0
Invocations    | 5 |  5.0
Long Blades    | 1 2 |  2.1

Action                   |  1- 3 |  4- 6 |  7- 9 | 10-12 || total
-------------------------+-------+-------+-------+-------++-------
Melee: Whip              |     8 |    53 |    52 |    41 ||   154
       Falchion          |       |       |   164 |     7 ||   171
       Scimitar          |       |       |       |    25 ||    25
 Fire: Hunting sling     |       |       |   115 |     3 ||   118
Throw: Dart              |       |       |    17 |    42 ||    59
 Cast: Pain              |    66 |   122 |    20 |       ||   208
       Vampiric Draining |     4 |    13 |    60 |    66 ||   143
       Animate Dead      |       |       |     1 |       ||     1
 Abil: Heal Wounds       |       |       |     4 |     3 ||     7
Evoke: Wand              |       |       |       |     5 ||     5
  Use: Scroll            |       |     1 |     7 |    10 ||    18
       Potion            |       |     1 |       |       ||     1
 Stab: Sleeping          |       |       |     3 |       ||     3
Armor: Robe              |     6 |       |       |       ||     6
       Leather armour    |       |    11 |    30 |       ||    41
       Ring mail         |       |       |    43 |    25 ||    68
Dodge: Dodged            |    10 |    44 |   140 |    83 ||   277
       Rpst.: Falchion   |       |       |    26 |     1 ||    27
       Scimitar          |       |       |       |     6 ||     6
